 Dungeon Crawl Stone Soup version 0.31-a0-7-g51783674b7 (webtiles) character file.

Game seed: 5682852174011703395

175 cheesebisquit the Cleaver (level 5, -10/45 HPs)
             Began as a Hill Orc Monk on May 5, 2023.
             Was a Believer of Beogh.
             Mangled by Menkaure (13 damage)
             ... on level 4 of the Dungeon.
             The game lasted 00:05:23 (1851 turns).

cheesebisquit the Cleaver (Hill Orc Monk)           Turns: 1851, Time: 00:05:24

Health: -10/45     AC:  9    Str: 16    XL:     5   Next: 55%
Magic:  5/5        EV:  7    Int: 10    God:    Beogh [**....]
Gold:   175        SH:  5    Dex: 13    Spells: 4/4 levels left

rFire   . . .        a - +0 hand axe
rCold   . . .        d - orb {light}
rNeg    . . .        f - +0 chain mail
rPois   +            (no helmet)
rElec   .            k - +0 cloak {rPois}
rCorr   .            (no gloves)
SInv    .            (no boots)
Will    +....        u - amulet of reflection Stlth
                     (no ring)
HPRegen 0.27/turn    (no ring)
MPRegen 0.09/turn

%: reflection
@: mighty, brilliant, attractive, flying, hasted, glowing, very quick
A: deterioration 1, strong-willed 1
a: Renounce Religion, Smiting


You were on level 4 of the Dungeon.
You worshipped Beogh.
Beogh was pleased with you.
You visited 1 branch of the dungeon, and saw 4 of its levels.

You collected 175 gold pieces.

Inventory:

Hand Weapons
 a - a +0 hand axe (weapon)
Missiles
 q - 5 silver javelins (quivered)
Armour
 d - an orb of light (worn)
 f - a +0 chain mail (worn)
 k - a +0 cloak of poison resistance (worn)
Jewellery
 u - an amulet of reflection (around neck)
Wands
 r - a wand of iceblast (2)
Scrolls
 b - 2 scrolls of amnesia {unknown}
 c - a scroll of magic mapping {unknown}
 g - a scroll of fear {unknown}
 h - a scroll of fog {unknown}
 j - a scroll of vulnerability {unknown}
 m - 3 scrolls of teleportation {unknown}
 o - a scroll of immolation {unknown}
 p - 2 scrolls of identify {unknown}
 v - a scroll of enchant weapon {unknown}


   Skills:
 - Level 3.6 Fighting
 + Level 8.0 Axes
 - Level 2.4 Dodging


You had 4 spell levels left.
You didn't know any spells.
Your spell library contained the following spells:

 Spells                   Type           Power      Damage    Failure   Level
 Static Discharge         Conj/Air       0%         2-2/arc   100%        2
 Airstrike                Air            0%         2d(0-16)  100%        4
 Summon Lightning Spire   Summ/Air       0%         N/A       100%        4


Dungeon Overview and Level Annotations

Branches:
Dungeon (4/15)
 Temple: D:4-7

Altars:

Annotations:
D:4 Menkaure


Innate Abilities, Weirdness & Mutations

Your body sometimes deteriorates upon taking damage.
You are strong-willed. (Will+)


Message History

You hit Menkaure but do no damage. Menkaure hits you!
You hit Menkaure but do no damage. Menkaure hits you.
* * * LOW HITPOINT WARNING * * *
It was a potion of curing.
You feel better.
Menkaure calls on the powers of darkness!
Your body is wracked with pain!
* * * LOW HITPOINT WARNING * * *
You feel better. Menkaure hits you!
* * * LOW HITPOINT WARNING * * *
You feel better.
Menkaure grins.
Menkaure hits you!
* * * LOW HITPOINT WARNING * * *
You hit Menkaure but do no damage. Menkaure hits you.
* * * LOW HITPOINT WARNING * * *
Menkaure calls on the powers of darkness!
Your body is wracked with pain!
* * * LOW HITPOINT WARNING * * *
It was a potion of brilliance.
You feel clever all of a sudden. Menkaure closely misses you.
It was a potion of haste.
You feel yourself speed up. Menkaure barely misses you.
It was a potion of attraction.
You feel attractive to monsters. Menkaure closely misses you.
It was a potion of mutation.
You feel extremely strange.
You feel yourself wasting away.
You feel strong-willed. Menkaure hits you.
* * * LOW HITPOINT WARNING * * *
It was a potion of flight.
You feel very buoyant.
You fly up into the air.
It was a potion of might.
You feel very mighty all of a sudden. Menkaure barely misses you.
You slash Menkaure!
Menkaure is moderately damaged.
Menkaure hits you!
You die...

#### ###...#####
..........############
.............M@......#
S.......#..#####.###.#
.!.#....# #.# #.# #
#.#..# #.# #.#
#....... ..# #.#
..#..#####.# #.#
####..# #.# #.# #..#
#.# #.# #..# ##.# #.#


You could see Menkaure (fast).

Vanquished Creatures
  2 iguanas (D:4)
  8 adders
  A worm (D:3)
  A dart slug (D:2)
  6 endoplasms
  2 giant cockroaches (D:1)
  8 hobgoblins
  2 quokkas
  4 ball pythons
  6 bats
  2 frilled lizards
  3 goblins (D:2)
  3 kobolds
  8 rats
56 creatures vanquished.

Vanquished Creatures (others)
  An orc (D:3)
1 creature vanquished.

Grand Total: 57 creatures vanquished

Notes
Turn   | Place    | Note
-------+----------+-------------------------------------------
     0 | D:1      | cheesebisquit the Hill Orc Monk began the quest for the
                  | Orb.
     0 | D:1      | Reached XP level 1. HP: 19/19 MP: 1/1
   233 | D:1      | Reached XP level 2. HP: 26/26 MP: 2/2
   291 | D:1      | Reached skill level 5 in Axes
   515 | D:2      | Reached XP level 3. HP: 29/31 MP: 3/3
   675 | D:2      | Reached skill level 6 in Axes
   869 | D:2      | Reached XP level 4. HP: 31/39 MP: 4/4
  1204 | D:3      | Became a worshipper of Beogh the Brigand
  1204 | D:3      | Reached * piety under Beogh
  1204 | D:3      | Reached ** piety under Beogh
  1219 | D:3      | Reached skill level 7 in Axes
  1725 | D:4      | Reached XP level 5. HP: 28/45 MP: 5/5
  1820 | D:4      | Noticed Menkaure
  1835 | D:4      | Reached skill level 8 in Axes
  1848 | D:4      | Gained mutation: Your body sometimes deteriorates upon
                  | taking damage. [potion of mutation]
  1848 | D:4      | Gained mutation: You are strong-willed. (Will+) [potion of
                  | mutation]
  1851 | D:4      | Mangled by Menkaure

Illustrated notes

Levels and vault maps discovered:
D:1:      dpeg_arrival_rooms_a, layout_rooms, st_stairs_8
D:2:      layout_loops_cross, minmay_heptomino_l4
D:3:      layout_rooms
D:4:      layout_loops_ring, nicolae_qazlal_scattered_showers,
          corexii_item_surrounded_by_moat, uniq_menkaure, uniq_sigmund,
          uniq_natasha

Skill      XL: |  1  2  3  4  5 |
---------------+----------------+-----
Axes           | 5 6 7 8 |  8.0
Fighting       | |  3.6
Dodging        | |  2.4

Action                     |  1- 3 |  4- 6 || total
---------------------------+-------+-------++-------
  Melee: Hand axe          |    91 |    86 ||   177
 Invoke: Convert to Beogh  |       |     1 ||     1
    Use: Potion            |       |    10 ||    10
 Armour: Chain mail        |    58 |    45 ||   103
         Robe              |     1 |       ||     1
  Dodge: Dodged            |    36 |    39 ||    75
  Block: Orb               |       |    13 ||    13

Table legend: (Time is in decaauts)
 A = Elapsed time spent in this place.
 B = Non-inter-level travel time spent in this place.
 C = Inter-level travel time spent in this place.
 D = Time resting spent in this place.
 E = Time spent auto-exploring this place.
 F = Levels seen in this place.
 G = Mean time per level.
                   A        B        C        D        E       F      G
               +--------+--------+--------+--------+--------+-----+--------+
         Total |   1848 |   1729 |    119 |      0 |   1310 |   4 |  462.0 |
       Dungeon |   1848 |   1729 |    119 |      0 |   1310 |   4 |  462.0 |
               +--------+--------+--------+--------+--------+-----+--------+

Top non-repeatable levels by time:
     D:2: 693 daAuts
     D:3: 541 daAuts
     D:1: 507 daAuts
     D:4: 106 daAuts
